 Dungeon Crawl Stone Soup version 0.21.1-1-g345015f (webtiles) character file.

78 Mgcat the Skirmisher (level 4, 0/37 HPs)
             Began as a Barachi Fighter on Mar 11, 2018.
             Slain by a gnoll
             ... wielding a +0 halberd
              (3 damage)
             ... on level 2 of the Dungeon.
             The game lasted 00:02:07 (873 turns).

Mgcat the Skirmisher (Barachi Fighter)               Turns: 873, Time: 00:02:07

Health: 0/37       AC:  7    Str: 18    XL:     4   Next: 36%
Magic:  4/4        EV: 10    Int:  9    God:
Gold:   63         SH:  4    Dex: 11    Spells: 3/3 levels left

rFire    . . .     SeeInvis .   a - +0 war axe
rCold    . . .     Gourm    .   l - +0 buckler
rNeg     . . .     Faith    .   b - +0 scale mail
rPois    .         Spirit   .   (no helmet)
rElec    .         Reflect  .   (no cloak)
rCorr    .         Harm     .   (no gloves)
MR       .....                  (no boots)
Stlth    ..........             (no amulet)
HPRegen  0.12/turn              (no ring)
MPRegen  0.09/turn              (no ring)

@: slow
A: +LOS, swims, slowness 1, strong legs 1
a: Hop


You were on level 2 of the Dungeon.
You were hungry.

You visited 1 branch of the dungeon, and saw 2 of its levels.

You collected 63 gold pieces.

Inventory:

Hand Weapons
 a - a +0 war axe (weapon)
Armour
 b - a +0 scale mail (worn)
 c - a +0 shield
 l - a +0 buckler (worn)
   (You found it on level 1 of the Dungeon)
Scrolls
 e - a scroll of identify {unknown}
Potions
 d - a potion of might
 g - a potion of cancellation
 j - a potion of invisibility {unknown}
 k - a potion of curing {unknown}
 m - a potion of lignification {unknown}
Comestibles
 f - 7 rations
 h - 4 chunks of flesh {@w0}


   Skills:
 - Level 4.0 Fighting
 + Level 3.6 Axes
 - Level 4.0 Armour
 - Level 1.0 Dodging
 - Level 4.0 Shields


You had 3 spell levels left.
You didn't know any spells.

Dungeon Overview and Level Annotations

Branches:
Dungeon (2/15)

Altars:


Innate Abilities, Weirdness & Mutations

Shadows flee at your approach. (+LOS)
You can swim through water.
You cover ground slowly.
You can hop short distances.


Message History

You kill the kobold!
No target in view!
No target in view!
Things that are here:
a short sword; a kobold corpse You butcher the goblin corpse.
h - 5 chunks of flesh {@w0} (gained 2)
You see here a club. x2
f - 6 rations (gained 1)
You see here a club.
f - 7 rations (gained 1)
You now have 63 gold pieces (gained 12).
You see here 12 bolts.
e - a scroll labeled TIAQYI TAUBIGY Some of the chunks of flesh in your inventory have rotted away.
You see here a chain mail.
You open the door.
A gnoll comes into view.
The gnoll shouts!
You hear a shout! x3
The gnoll picks up a dagger.
The gnoll wields a dagger.
You hear a shout! 2 gnolls and a gnoll shaman come into view.
The gnoll shaman shouts!
The gnoll shouts! x2
There is an open door here.
A gnoll comes into view. It is wielding a halberd.
The gnoll shouts!
The gnoll hits you but does no damage.
A gnoll comes into view. It is wielding a whip.
You barely miss the gnoll.
The gnoll moves out of view.
The gnoll shaman calls down the wrath of its god upon you.
You resist with significant effort. The gnoll hits you with a dagger.
You closely miss the gnoll. The gnoll hits you but does no damage.
The gnoll barely misses you.
Your scale mail prevents you from hitting the gnoll.
You hit the gnoll shaman but do no damage.
The gnoll hits you from afar with a halberd.
The gnoll shaman hits you with a whip.
You hit the gnoll but do no damage. x2; You barely miss the gnoll shaman.
The gnoll closely misses you. x2; The gnoll shaman hits you with a whip!
The gnoll hits you from afar with a halberd!
* * * LOW HITPOINT WARNING * * *
The gnoll hits you from afar with a halberd.
* * * LOW HITPOINT WARNING * * *
There is an open door here.
You see here a chain mail.
You feel very mighty all of a sudden. The gnoll shaman hits you with a whip.
* * * LOW HITPOINT WARNING * * *
You barely miss the gnoll shaman.
The gnoll shaman hits you but does no damage.
You slash the gnoll shaman!
The gnoll shaman is severely wounded.
The gnoll shaman hits you but does no damage.
The gnoll shaman prays to its god.
The gnoll shaman is healed somewhat.
You barely miss the gnoll shaman.
The gnoll shaman is heavily wounded.
The gnoll shaman hits you but does no damage.
You slash the gnoll shaman!
The gnoll shaman is almost dead.
The gnoll shaman hits you but does no damage.
The gnoll shaman calls upon its god to speed up the gnoll.
The gnoll seems to speed up.
You barely miss the gnoll shaman.
The gnoll shaman is almost dead.
You block the gnoll shaman's attack.
You hit the gnoll shaman.
You kill the gnoll shaman!
Training target 4.0 for Shields reached!
Your Axes skill increases to level 3!
Your Shields skill increases to level 4!
You have reached level 4!
You feel clever. You block the gnoll's attack.
You barely miss the gnoll. The gnoll barely misses you.
The gnoll completely misses you.
You barely miss the gnoll. The gnoll closely misses you.
The gnoll hits you but does no damage.
You are feeling hungry.
You barely miss the gnoll. The gnoll hits you.
* * * LOW HITPOINT WARNING * * *
The gnoll hits you but does no damage.
You slash the gnoll!
You kill the gnoll!
You closely miss the gnoll. You block the gnoll's attack.
The gnoll hits you but does no damage.
You slash the gnoll!
The gnoll is heavily wounded.
The gnoll hits you with a whip.
* * * LOW HITPOINT WARNING * * *
The gnoll hits you but does no damage. The gnoll closely misses you.
It was a potion of cancellation.
Your magical effects are unravelling.
You feel magically purged.
You feel a little less mighty now.
The gnoll hits you but does no damage. x2
You slash the gnoll!
You kill the gnoll!
The gnoll hits you from afar with a halberd.
You die...

.. #. ####.## #.....#
#....g####
#...gg'[g################
#.....##g#...............
#.....##)##.#############
########@##.#
#.##.#########
###............#
#.(..#.#######.#
#.##.#...#####.#
#.##.#...##....#
#.#....#.##.########
#.#..#.#....#.......
#.#..#.........#####


You could see 2 gnolls.

Vanquished Creatures
  A gnoll shaman (D:2)
  2 gnolls (D:2)
  A dart slug (D:1)
  A leopard gecko (D:1)
  4 bats
  5 hobgoblins (D:1)
  A frilled lizard (D:1)
  7 goblins
  3 kobolds
  6 rats (D:1)
31 creatures vanquished.

Notes
Turn   | Place    | Note
-------+----------+-------------------------------------------
     0 | D:1      | Mgcat the Barachi Fighter began the quest for the Orb.
     0 | D:1      | Reached XP level 1. HP: 18/18 MP: 1/1
   117 | D:1      | Reached XP level 2. HP: 24/25 MP: 2/2
   513 | D:1      | Reached skill level 1 in Dodging
   523 | D:1      | Reached XP level 3. HP: 24/30 MP: 3/3
   656 | D:1      | Reached skill level 4 in Fighting
   698 | D:1      | Reached skill level 4 in Armour
   854 | D:2      | HP: 7/30 [gnoll/halberd (1)]
   859 | D:2      | HP: 7/30 [gnoll shaman/whip (1)]
   865 | D:2      | Reached skill level 3 in Axes
   865 | D:2      | Reached skill level 4 in Shields
   865 | D:2      | Reached XP level 4. HP: 9/37 MP: 4/4
   868 | D:2      | HP: 4/37 [gnoll (6)]
   873 | D:2      | Slain by a gnoll

Skill      XL: |  1  2  3 |
---------------+----------+-----
Dodging        | 1 |  1.0
Fighting       | 4 |  4.0
Armour         | 4 |  4.0
Axes           | 3 |  3.6
Shields        | 4 |  4.0

Action                   |  1- 3 |  4- 6 || total
-------------------------+-------+-------++-------
Melee: War axe           |    98 |     7 ||   105
  Use: Scroll            |     2 |       ||     2
       Potion            |     1 |     1 ||     2
Armor: Scale mail        |    56 |     5 ||    61
Dodge: Dodged            |    38 |     4 ||    42
Block: Shield            |    38 |       ||    38
       Buckler           |     3 |     2 ||     5

Vault maps used:
D:1:      saegor_arrival_under_anarchy
D:2:      fiery_altar_vehumet, first_ration, uniq_sigmund

Table legend:
 A = Turns spent in this place as a percentage of turns spent in the entire game.
 B = Non-inter-level travel turns spent in this place as a percentage of non-inter-level travel turns spent in the entire game.
 C = Inter-level travel turns spent in this place as a percentage of turns spent in this place.
 D = Turns resting spent in this place as a percentage of non-inter-level travel turns spent in this place.
 E = Turns spent auto-exploring this place as a percentage of non-inter-level travel turns spent in this place.
 F = Non-inter-level travel turns spent in this place divided by the number of levels of this place that you've seen.
                   A       B       C       D       E      F
               +-------+-------+-------+-------+-------+----------------------
         Total | 100.0 | 100.0 |   1.8 |   0.0 |  74.1 | 428.5
       Dungeon | 100.0 | 100.0 |   1.8 |   0.0 |  74.1 | 428.5
               +-------+-------+-------+-------+-------+----------------------

Table legend:
 A = Kills in this place as a percentage of kills in entire the game.
 B = Kills by you in this place as a percentage of kills by you in the entire game.
 C = Kills by friends in this place as a percentage of kills by friends in the entire game.
 D = Other kills in this place as a percentage of other kills in the entire game.
 E = Experience gained in this place as a percentage of experience gained in the entire game.
 F = Experience gained in this place divided by the number of levels of this place that you have seen.
                   A       B       C       D       E      F
               +-------+-------+-------+-------+-------+----------------------
         Total | 100.0 | 100.0 |   N/A |   N/A | 100.0 |  56.0
       Dungeon | 100.0 | 100.0 |   N/A |   N/A | 100.0 |  56.0
               +-------+-------+-------+-------+-------+----------------------
